 Dungeon Crawl Stone Soup version 0.31-a0-702-gf82c85558f (webtiles) character file.

Game seed: 8411188348140806085

48 qw the Shooter (level 3, -8/22 HPs)
             Began as a Gargoyle Hunter on Sept 8, 2023.
             Killed by divine providence
             ... invoked by an orc priest
              (13 damage)
             ... on level 3 of the Dungeon.
             The game lasted 00:00:24 (704 turns).

qw the Shooter (Gargoyle Hunter)                     Turns: 704, Time: 00:00:25

Health: -8/22      AC:  7    Str: 14    XL:     3   Next: 72%
Magic:  3/3        EV: 11    Int:  9    God:
Gold:   61         SH:  5    Dex: 15    Spells: 2/2 levels left

rFire   . . .        Y - +0 shortbow
rCold   . . .        (shield currently unavailable)
rNeg    + . .        c - +0 leather armour
rPois   inf          (no helmet)
rElec   +            (no cloak)
rCorr   .            (no gloves)
SInv    .            h - +0 pair of boots
Will    .....        i - amulet of reflection
Stlth   ++           (no ring)
HPRegen 0.23/turn    (no ring)
MPRegen 0.08/turn

%: reflection
@: no status effects
A: sickness immunity, AC +3, negative energy resistance 1, electricity
resistance, torment resistance 1, petrification resistance
a: no special abilities


You were on level 3 of the Dungeon.
You visited 1 branch of the dungeon, and saw 4 of its levels.

You collected 61 gold pieces.


Innate Abilities, Weirdness & Mutations

You are immune to sickness and miasma.
Your stone body is resilient. (AC +3)
You are immune to poison.
You resist negative energy. (rN+)
You are resistant to electric shocks. (rElec)
You are resistant to unholy torment.
You are immune to petrification.


   Skills:
 + Level 2.9 Fighting
 - Level 5.0 Ranged Weapons
 - Level 1.5 Dodging
 - Level 1.1 Stealth


You had 2 spell levels left.
You didn't know any spells.
Your spell library was empty.

Inventory:

Hand Weapons
 Y - a +0 shortbow (weapon)
Armour
 c - a +0 leather armour (worn)
 h - a +0 pair of boots (worn)
Jewellery
 i - an amulet of reflection (around neck)
Potions
 d - a potion of heal wounds {unknown}
 e - a potion of mutation {unknown}
 f - a potion of resistance {unknown}

Dungeon Overview and Level Annotations

Branches:
Dungeon (4/15)
 Temple: D:4-7

Altars:

Shops:
D:1 ?


Message History

The orc is almost dead.
The orc hits you but does no damage.
The orc priest calls upon Beogh to heal the orc.
The orc is healed somewhat.
You shoot an arrow. The arrow hits the orc.
The orc is heavily wounded.
The orc closely misses you.
The orc priest calls upon Beogh to heal the orc.
The orc's wounds heal themselves!
You shoot an arrow. The arrow hits the orc.
The orc is almost dead.
The orc hits you but does no damage.
The orc priest casts a cantrip, but nothing happens.
You shoot an arrow.
The arrow hits the orc but does no damage.
The orc is almost dead.
The orc hits you but does no damage.
You shoot an arrow. The arrow completely misses the orc.
The arrow hits the orc.
The orc is heavily wounded.
The orc closely misses you.
The orc priest looks encouraged for a moment.
You shoot an arrow. The arrow hits the orc.
You kill the orc!
The orc priest miscasts a cantrip.
You shoot an arrow. The arrow closely misses the orc.
The arrow misses the frilled lizard.
The orc hits you but does no damage. The orc barely misses you.
You shoot an arrow. The arrow hits the orc.
You kill the orc!
You shoot an arrow.
The arrow hits the orc priest but does no damage.
The orc priest closely misses you.
You shoot an arrow.
The arrow completely misses the orc priest.
The arrow hits the frilled lizard!
You kill the frilled lizard!
The orc priest invokes the aid of Beogh against you.
Beogh smites you!
Ouch! That really hurt!
You die...

## #.. ##..
#..# ... ##
#.###...#
###......#
###..:#
########>..#@#
#........###o#
..######## .)#
#$## .! #.# ..
#.#


You could see an orc priest.

Vanquished Creatures
  5 orcs (D:3)
  4 endoplasms (D:1)
  3 giant cockroaches (D:1)
  3 goblins (D:1)
  2 hobgoblins (D:1)
  4 jackals (D:1)
  4 quokkas
  3 ball pythons (D:1)
  4 frilled lizards
  4 kobolds (D:1)
  4 rats (D:1)
40 creatures vanquished.

Notes
Turn   | Place    | Note
-------+----------+-------------------------------------------
     0 | D:1      | qw the Gargoyle Hunter began the quest for the Orb.
     0 | D:1      | Reached XP level 1. HP: 12/12 MP: 1/1
     0 | D:1      | 0 ||| qw: Version: 0.3-a-76-g4403597
     0 | D:1      | 0 ||| qw: Game counter: 1013
     0 | D:1      | 0 ||| qw: Melee chars always use a shield: true
     0 | D:1      | 0 ||| qw: God list: Okawaru
     0 | D:1      | 0 ||| qw: Allow faded altars: false
     0 | D:1      | 0 ||| qw: Do Orc after clearing Dungeon:15 true
     0 | D:1      | 0 ||| qw: Do second Lair branch before Depths: true
     0 | D:1      | 0 ||| qw: Lair rune preference: random
     0 | D:1      | 0 ||| qw: Goals: Normal
     0 | D:1      | 0 ||| PLANNING D:1-11
    67 | D:1      | Found Zorree's Magic Scroll Shop.
    97 | D:1      | Reached XP level 2. HP: 17/17 MP: 2/2
    99 | D:1      | 99 ||| SHOPLISTING scroll of enchant weapon (97 gold, have
                  | 18).
    99 | D:1      | 99 ||| SHOPLISTING scroll of identify (26 gold, have 18).
    99 | D:1      | 99 ||| SHOPLISTING scroll of teleportation (39 gold, have
                  | 18).
   183 | D:1      | Found a faded altar of an unknown god.
   238 | D:1      | Reached XP level 3. HP: 21/21 MP: 3/3
   296 | D:1      | Reached skill level 5 in Ranged Weapons
   582 | D:1      | 582 ||| UPGRADING to +0 pair of boots.
   587 | D:1      | 587 ||| UPGRADING to amulet of reflection.
   592 | D:1      | 592 ||| READING scroll labelled OLOLOTZ XIBULL.
   593 | D:1      | 593 ||| READING scroll labelled JUCSEUTAWK.
   594 | D:1      | 594 ||| DROPPING scroll of butterflies.
   617 | D:2      | You fall into a shaft and drop 2 floors!
   682 | D:3      | 682 ||| RETREATING.
   687 | D:3      | HP: 1/22 [orc/+0 flail (6)]
   704 | D:3      | Killed from afar by an orc priest

Levels and vault maps discovered:
D:1:      elethiomel_arrival_quiet, layout_basic, serial_shops,
          nicolae_shop_temple_entry_statues_fountains,
          dreamdust_ecumenical_altar_angels_and_demons
D:2:      layout_loops_cross
D:3:      layout_rooms, nicolae_ru_the_path_less_chosen, serial_shops, shop
D:4:      layout_basic, serial_shops, nicolae_shop_tiny_statue_garden

Skill      XL: |  1  2  3 |
---------------+----------+-----
Ranged Weapons | 5 |  5.0
Fighting       | |  2.9
Dodging        | |  1.5
Stealth        | |  1.1

Action                     || total
---------------------------++-------
   Fire: Shortbow          ||   108
    Use: Scroll            ||     2
 Armour: Leather armour    ||    25
  Dodge: Dodged            ||    29
  Block: Other             ||     3

Table legend:
 A = Non-vault XP
 B = Vault XP
 C = Vault XP percentage of total XP
 D = Non-vault monster count
 E = Vault monster count
 F = Vault count percentage of total count
                 A         B        C        D         E       F
            +---------+---------+-------+---------+---------+-------
      Total |      70 |       0 |   0.0 |      40 |       0 |   0.0
            +---------+---------+-------+---------+---------+-------
        D:1 |      50 |       0 |   0.0 |      32 |       0 |   0.0
        D:3 |      16 |       0 |   0.0 |       6 |       0 |   0.0
        D:4 |       4 |       0 |   0.0 |       2 |       0 |   0.0
            +---------+---------+-------+---------+---------+-------
